 Dungeon Crawl Stone Soup version 0.24.1 (webtiles) character file.

Game seed: 17368445609021870949, levelgen mode: deterministic

852 Destapler the Cudgeler (level 7, -7/54 (56) HPs)
             Began as a Demonspawn Berserker on Mar 31, 2020.
             Was a Priest of Trog.
             Mangled by a hornet (8 damage)
             ... on level 7 of the Dungeon.
             The game lasted 00:16:33 (3691 turns).

Destapler the Cudgeler (Demonspawn Berserker)       Turns: 3691, Time: 00:16:35

HP:   -7/54 (56)    AC: 10    Str: 20    XL:     7   Next: 69%
MP:   7/7           EV: 11    Int:  8    God:    Trog [***...]
Gold: 220           SH:  3    Dex: 12    Spells: 6/6 levels left

rFire    + . .     SeeInvis .   a - +0 mace
rCold    . . .     Gourm    .   v - +0 buckler
rNeg     . . .     Faith    .   w - +0 steam dragon scales
rPois    .         Spirit   .   (no helmet)
rElec    .         Reflect  .   b - +0 cloak (curse)
rCorr    +         Harm     .   (no gloves)
MR       +++..                  q - +2 pair of boots
Stlth    +.........             (no amulet)
HPRegen  1.18/turn              l - ring of protection from magic
MPRegen  0.10/turn              p - ring of resist corrosion

@: lethally poisoned (-7 -> -7), regenerating, hasted and slowed
A: talons 2, fire resistance 1, flame cloud immunity
a: Berserk, Trog's Hand, Renounce Religion


You were on level 7 of the Dungeon.
You worshipped Trog.
Trog was most pleased with you.
You were hungry.

You visited 1 branch of the dungeon, and saw 6 of its levels.

You collected 220 gold pieces.

Inventory:

Hand Weapons
 a - a +0 mace (weapon)
Missiles
 i - 6 silver javelins
 m - 8 poisoned darts (quivered)
Armour
 b - a cursed +0 cloak (worn)
 q - a +2 pair of boots (worn)
 v - a +0 buckler (worn)
 w - +0 steam dragon scales (worn)
Jewellery
 l - a ring of protection from magic (left hand)
 p - a ring of resist corrosion (right hand)
Scrolls
 d - a scroll of noise {unknown}
 e - 3 scrolls of enchant weapon {unknown}
 f - a scroll of random uselessness {unknown}
 h - a scroll of enchant armour {unknown}
 j - 2 scrolls of magic mapping {unknown}
 n - 2 scrolls of teleportation {unknown}
 o - 3 scrolls of identify {unknown}
 t - a scroll of amnesia {unknown}
 x - a scroll of remove curse {unknown}
 y - a scroll of immolation {unknown}
Potions
 g - 3 potions of lignification {unknown}
 k - a potion of magic {unknown}
 r - 2 potions of brilliance {unknown}
 s - a potion of haste
 u - a potion of ambrosia {unknown}
Comestibles
 c - 5 rations
 z - a chunk of flesh


   Skills:
 + Level 5.3 Fighting
 * Level 6.2 Maces & Flails
 + Level 4.2 Armour
 - Level 2.0 Dodging


You had 6 spell levels left.
You didn't know any spells.
Your spell library contained the following spells:

 Spells                   Type           Power        Failure   Level  Hunger
 Animate Skeleton         Necr           N/A          58%         1    ##.....
 Apportation              Tloc           #.....       58%         1    ##.....
 Confusing Touch          Hex            #.....       58%         1    ##.....
 Summon Small Mammal      Summ           #...         58%         1    ##.....


Dungeon Overview and Level Annotations

Branches:
Dungeon (5/15)             Temple (0/1) D:5

Altars:
Ashenzari
Fedhas
Okawaru
Ru


Innate Abilities, Weirdness & Mutations

You have razor-sharp toenails.
Your flesh is heat resistant. (rF+)
You are immune to clouds of flame.


Message History

You feel as though you will be slow longer.
The bullfrog zombie hits you but does no damage.
The quokka zombie bites you.
* * * LOW HITPOINT WARNING * * *
The shadow imp hits you.
* * * LOW HITPOINT WARNING * * *
You block the leopard gecko's attack. You block the kobold's attack.
The big kobold hits you.
* * * LOW HITPOINT WARNING * * *
The bullfrog zombie hits you but does no damage.
The hornet barely misses you.
Okay, then.
It was a potion of haste.
You feel yourself speed up.
You feel sick. The hornet closely misses you.
The leopard gecko bites you but does no damage.
The quokka zombie completely misses you.
The shadow imp barely misses you. The bullfrog zombie barely misses you.
The kobold closely misses you. The big kobold closely misses you.
The hornet stings you!
You die...

..... # ..... ..
...... ..#######
......
.......##..... #.
...K.....
#..##ZyK#
#....Z@#
.....##.K5l.....#
.#. ....#......##
.........)...#
...[.#####..>..#
...!. ......
..... ..###. ....
.##


You could see a hornet, a big kobold, a shadow imp, a quokka zombie, a bullfrog
zombie, a leopard gecko and 2 kobolds.

Vanquished Creatures
  A steam dragon (D:3)
  A necrophage (D:5)
  A howler monkey (D:3)
  A crimson imp (D:5)
  4 orc priests (D:4)
  A jelly (D:7)
  3 orc wizards (D:4)
  An iguana (D:5)
  Natasha (twice) (D:4)
  3 worker ants
  A hound skeleton (D:4)
  6 adders
  A worm (D:2)
  A dart slug (D:4)
  3 leopard geckos
  22 orcs
  3 giant cockroaches
  7 goblins
  3 hobgoblins
  7 jackals
  A quokka (D:4)
  A ball python (D:4)
  8 bats
  6 frilled lizards
  A jackal skeleton (D:4)
  9 kobolds
  A leopard gecko skeleton (D:4)
  6 rats
105 creatures vanquished.

Notes
Turn   | Place    | Note
-------+----------+-------------------------------------------
     0 | D:1      | Destapler the Demonspawn Berserker began the quest for the
                  | Orb.
     0 | D:1      | Reached XP level 1. HP: 18/18 MP: 1/1
   126 | D:1      | Found a shattered altar of Ashenzari.
   459 | D:1      | Gained mutation: Your flesh is heat resistant. (rF+)
                  | [demonic ancestry]
   459 | D:1      | Reached XP level 2. HP: 21/24 MP: 2/2
   826 | D:2      | Reached skill level 3 in Maces & Flails
   883 | D:2      | Gained mutation: You have sharp toenails. [demonic
                  | ancestry]
   883 | D:2      | Reached XP level 3. HP: 29/29 MP: 3/3
   925 | D:2      | Found an iron altar of Okawaru.
  1213 | D:2      | Gained mutation: You are immune to clouds of flame.
                  | [demonic ancestry]
  1213 | D:2      | Reached XP level 4. HP: 24/36 MP: 4/4
  1654 | D:3      | Noticed a steam dragon
  1706 | D:3      | Reached ** piety under Trog
  1806 | D:3      | Found a sacrificial altar of Ru.
  1826 | D:3      | Killed a steam dragon
  1826 | D:3      | Reached skill level 4 in Maces & Flails
  1826 | D:3      | Reached XP level 5. HP: 41/42 MP: 5/5
  2219 | D:3      | Gained mutation: You have razor-sharp toenails. [demonic
                  | ancestry]
  2219 | D:3      | Reached XP level 6. HP: 45/48 MP: 6/6
  2422 | D:4      | Noticed Natasha
  2438 | D:4      | Killed Natasha
  2440 | D:4      | Reached skill level 5 in Maces & Flails
  3045 | D:4      | Reached XP level 7. HP: 51/55 MP: 7/7
  3179 | D:4      | Found a blossoming altar of Fedhas.
  3179 | D:4      | Noticed Natasha
  3220 | D:4      | Killed Natasha
  3233 | D:4      | Reached *** piety under Trog
  3255 | D:4      | Reached skill level 5 in Fighting
  3400 | D:5      | Entered Level 5 of the Dungeon
  3504 | D:5      | Reached skill level 6 in Maces & Flails
  3575 | D:5      | Found a staircase to the Ecumenical Temple.
  3667 | D:5      | You fall into a shaft and drop 2 floors!
  3685 | D:7      | Noticed a hornet
  3690 | D:7      | HP: 2/54 [shadow imp (1)]
  3691 | D:7      | Mangled by a hornet

Levels and vault maps discovered:
D:1:      psy_arrival_basics, layout_basic, minmay_crystal_water, minivault_19,
          chequers_serial_rivers_small_b, evilmike_ruin_ashenzari
D:2:      layout_rooms, okawaru_trees_2, serial_glass, glass_columns_c,
          glass_columns_c, glass_columns_a, glass_columns_c,
          corexii_leaking_fountain
D:3:      wad_pebble_path, layout_basic, nicolae_ru_awakened_eye, st_stairs_9
D:4:      layout_loops_ring, first_ration, hangedman_decor_points,
          fedhas_altar_fruit_tree, uniq_natasha
D:5:      layout_loops_corners, lemuel_round_altar, minmay_temple_entry_slanted,
          serial_shops, nicolae_shop_behind_doors, chequers_arboretum
D:7:      layout_rooms, nicolae_gozag_cash_rules_everything_around_me,
          serial_shops, shop

Skill      XL: |  1  2  3  4  5  6  7 |
---------------+----------------------+-----
Dodging        | 2 |  2.0
Maces & Flails | 3 4 5 6 |  6.2
Armour         | 2 3 4 |  4.2
Fighting       | 4 5 |  5.3

Action                   |  1- 3 |  4- 6 |  7- 9 || total
-------------------------+-------+-------+-------++-------
Melee: Mace              |    75 |   229 |   116 ||   420
Throw: Dart              |       |     5 |     7 ||    12
Invok: Berserk           |     2 |     3 |     2 ||     7
       Trog's Hand       |       |     4 |     2 ||     6
  Use: Potion            |       |       |     1 ||     1
  Eat: Chunk             |     3 |    10 |     1 ||    14
       Ration            |       |       |     1 ||     1
Armor: Animal skin       |    10 |       |       ||    10
       Scale mail        |    27 |    25 |       ||    52
       Steam dragon scal |       |   110 |    73 ||   183
Dodge: Dodged            |    58 |   176 |    90 ||   324
Block: Buckler           |       |       |    16 ||    16
